 Dungeon Crawl Stone Soup version 0.30.0-15-g856e2d3f33 (webtiles) character file.

Game seed: 192564376254985775

165 dialectric the Covered (level 5, -3/32 HPs)
             Began as a Gargoyle Fighter on May 19, 2023.
             Was a Follower of Ru.
             Shot with an arrow by a centaur (7 damage)
             ... on level 5 of the Dungeon.
             The game lasted 00:03:09 (3037 turns).

dialectric the Covered (Gargoyle Fighter)           Turns: 3037, Time: 00:03:10

Health: -3/32      AC: 16    Str: 20    XL:     5   Next: 46%
Magic:  5/5        EV: 10    Int:  8    God:    Ru [*.....]
Gold:   165        SH:  0    Dex: 11    Spells: 4/4 levels left

rFire   . . .        a - +0 long sword
rCold   . . .        (no shield)
rNeg    + . .        b - +0 scale mail
rPois   ∞            (helmet restricted)
rElec   +            (no cloak)
rCorr   .            (no gloves)
SInv    .            j - +0 pair of boots
Will    .....        (no amulet) Stlth
                     n - +4 ring of protection
HPRegen 0.25/turn    (no ring)
MPRegen 0.09/turn

%: no passive effects
@: no status effects
A: sickness immunity, AC +4, negative energy resistance 1, electricity
resistance, torment resistance 1, petrification resistance, hated by all, horns
1, deterioration 1, devolution 1
a: Renounce Religion, Sacrifice Essence, Sacrifice Nimbleness, Sacrifice Drink,
Reject Sacrifices


You were on level 5 of the Dungeon.
You worshipped Ru.
Ru was aware of your devotion.
You visited 1 branch of the dungeon, and saw 5 of its levels.

You collected 165 gold pieces.

Inventory:

Hand Weapons
 a - a +0 long sword (weapon)
Armour
 b - a +0 scale mail (worn)
 c - a +0 buckler
 j - a +0 pair of boots (worn)
 s - a +0 helmet
Jewellery
 n - a +4 ring of protection (left hand)
 v - a +6 ring of intelligence
Scrolls
 e - 4 scrolls of identify {unknown}
 g - a scroll of torment {unknown}
 h - 2 scrolls of poison {unknown}
 i - 2 scrolls of blinking {unknown}
 l - a scroll of vulnerability {unknown}
 m - a scroll of acquirement {unknown}
 o - a scroll of amnesia {unknown}
 p - a scroll of teleportation {unknown}
 r - 3 scrolls of enchant weapon {unknown}
 u - a scroll of noise {unknown}
Potions
 d - 2 potions of might
 f - a potion of mutation
 k - 2 potions of lignification {unknown}
 q - a potion of brilliance {unknown}
 t - a potion of degeneration {unknown}


   Skills:
 - Level 3.3 Fighting
 + Level 3.6 Long Blades
 + Level 4.3 Armour
 * Level 1.4 Dodging
 + Level 3.5 Shields


You had 4 spell levels left.
You didn't know any spells.
Your spell library contained the following spells:

 Spells                   Type           Power      Damage    Failure   Level
 Iskenderun's Battlesphe  Conj           0%         2d6       100%        5
 Iron Shot                Conj/Erth      0%         9d1       100%        6
 Spellforged Servitor     Conj/Summ      Unusable   N/A       N/A         7

Dungeon Overview and Level Annotations

Branches:
Dungeon (5/15)
 Temple: D:4-7

Altars:
Ru

Shops:
D:1 (

Annotations:
D:3 1 runed translucent door, hamfred's ghost, amateur HuAE


Innate Abilities, Weirdness & Mutations

You are immune to sickness and miasma.
Your stone body is resilient. (AC +4)
You are immune to poison.
You resist negative energy. (rN+)
You are resistant to electric shocks. (rElec)
You are resistant to unholy torment.
You are immune to petrification.
You are hated by all.
You have a pair of small horns on your head.
Your body sometimes deteriorates upon taking damage.
You have hidden genetic defects.


Message History

No target in view!
v - a +6 ring of intelligence
n - a +4 ring of protection (left hand) Key pressed, stopping explore.
Unknown command.
No target in view!
Found a chain mail.
Found a stone staircase leading down.
No target in view!
You now have 165 gold pieces (gained 5).
Found a plate armour.
No target in view!
An ogre comes into view. It is wielding a +0 giant spiked club.
The ogre shouts!
A centaur comes into view. It is wielding a +0 dagger.
The ogre hits you with a +0 giant spiked club!
You hit the ogre.
The ogre is lightly wounded.
You hit the ogre but do no damage.
The ogre is lightly wounded.
The ogre hits you with a +0 giant spiked club!!
Ouch! That really hurt!
* * * LOW HITPOINT WARNING * * *
You are too injured to fight recklessly!
You are too injured to fight recklessly!
You are too injured to fight recklessly!
You are too injured to fight recklessly!
You are too injured to fight recklessly!
You are too injured to fight recklessly!
Unknown command.
The centaur is stunned by your conviction and fails to attack.
It was a potion of mutation.
You feel extremely strange.
You feel a hidden malignance growing inside you.
You feel yourself wasting away. A pair of horns grows on your head!
Your +0 helmet falls away!
The ogre closely misses you.
Okay, then.
Okay, then.
The ogre attacks as you move away! The ogre closely misses you.
The centaur unwields a +0 dagger.
The centaur wields a +0 shortbow.
The centaur shoots an arrow.
The arrow hits you!
You die...

#.# ..# ###### #.# #.# #....#
#.# #.# #....# #.# #.# #######
#....# #[######.# #.....#
#....# #.#...c..# #.###.#
#....#####.#.######.
###.###.###........c.#........
..........>.....@.O....#######
###.###.##......######.#
#.#....#.####.# #.#
###.#...........# #.#
....#....#.###### #.#
#####....#.# #.# # #....#.#
#.# ##########.# .# ........
...


You could see an ogre and a centaur.

Vanquished Creatures
  A hound (D:4)
  2 sleepcaps
  2 adders
  A white imp (D:5)
  A worm (D:5)
  2 dart slugs (D:1)
  5 ball pythons
  4 endoplasms
  3 giant cockroaches
  9 goblins
  5 hobgoblins
  8 kobolds
  A quokka (D:2)
  A bat (D:1)
  3 frilled lizards
  5 rats
53 creatures vanquished.

Notes
Turn   | Place    | Note
-------+----------+-------------------------------------------
     0 | D:1      | dialectric the Gargoyle Fighter began the quest for the
                  | Orb.
     0 | D:1      | Reached XP level 1. HP: 14/14 MP: 1/1
   142 | D:1      | Reached XP level 2. HP: 12/19 MP: 2/2
   178 | D:1      | Found Kuutyryran's Weapon Shop.
   643 | D:1      | Found a faded altar of an unknown god.
   668 | D:1      | Prayed at the altar of an unknown god.
   668 | D:1      | Became a worshipper of Ru the Awakened
   682 | D:1      | Gained mutation: You are hated by all. [Ru sacrifice]
   682 | D:1      | Reached * piety under Ru
   903 | D:2      | Reached XP level 3. HP: 23/23 MP: 3/3
  1831 | D:3      | Found a runed translucent door.
  1831 | D:3      | Noticed hamfred's ghost (amateur HuAE)
  2369 | D:4      | Reached XP level 4. HP: 27/28 MP: 4/4
  2440 | D:4      | Reached skill level 4 in Armour
  2440 | D:4      | Reached skill level 1 in Dodging
  2596 | D:4      | Reached XP level 5. HP: 31/32 MP: 5/5
  2813 | D:5      | Entered Level 5 of the Dungeon
  3019 | D:5      | Noticed an ogre
  3021 | D:5      | Noticed a centaur
  3023 | D:5      | HP: 1/32 [ogre/+0 giant spiked club (23)]
  3027 | D:5      | Gained mutation: You have hidden genetic defects. [potion
                  | of mutation]
  3027 | D:5      | Gained mutation: Your body sometimes deteriorates upon
                  | taking damage. [potion of mutation]
  3027 | D:5      | Gained mutation: You have a pair of small horns on your
                  | head. [potion of mutation]
  3037 | D:5      | Shot with an arrow by a centaur

Illustrated notes

Levels and vault maps discovered:
D:1:      psy_arrival_fountain, layout_loops_ring, serial_shops, shop,
          shapermc_ecumenical_altar_gd, kennysheep_another_room
D:2:      layout_loops_corners
D:3:      layout_basic, ebering_ghost_inner_flame, minivault_25
D:4:      layout_gridville, hangedman_decor_points, kennysheep_potato
D:5:      layout_basic

Skill      XL: |  1  2  3  4 |
---------------+-------------+-----
Long Blades    | 2 3 |  3.6
Armour         | 4 |  4.3
Dodging        | 1 |  1.4
Fighting       | |  3.3
Shields        | |  3.5

Action                     |  1- 3 |  4- 6 || total
---------------------------+-------+-------++-------
  Melee: Long sword        |   114 |    70 ||   184
         Punch             |     1 |       ||     1
 Invoke: Sacrifice Love    |     1 |       ||     1
    Use: Potion            |       |     1 ||     1
   Stab: Distracted        |     1 |       ||     1
 Armour: Scale mail        |    71 |    45 ||   116
  Dodge: Dodged            |    50 |    41 ||    91
